Map: Terrasses de Prion

Players

Vita

  • Race: Terran Terran
  • League: Gold
  • Spawn Location: 11:00

zidar - Winner!

  • Race: Zerg Zerg
  • League: Silver
  • Spawn Location: 5:00

VOD

Have the link to the VOD?

Description

Time

  • Played on: March 4, 2016, 9:28 a.m.
  • Length: 18:00
Show
View Real Time Build Order
Export as new Build Order

Vita Terran 

Build Orders: Liberator Opening 

Get SALT Encoding   

  12  0:01  SCV  
  13  0:15  Refinery  
  13  0:22  Supply Depot  
  13  0:24  SCV  
  14  0:36  SCV  
  15  0:46  Barracks  
  15  0:55  Supply Depot  
  15  0:56  SCV  
  16  1:08  SCV  
  17  1:22  SCV  
  18  1:28  Refinery  
  18  1:35  Factory  
  18  1:39  Orbital Command  
  18  1:44  Marine  
  19  2:07  SCV  
  20  2:14  Marine  
  21  2:30  Hellion, Starport  
  21  2:34  Marine  
  24  2:38  Supply Depot  
  24  2:39  SCV  
  25  2:54  Starport  
  25  2:57  Marine  
  28  2:59  Widow Mine  
  28  3:06  Liberator  
  31  3:31  Supply Depot  
  31  3:33  Starport Tech Lab  
  31  3:36  Factory Tech Lab  
  31  3:52  Marine  
  31  3:54  Cloaking Field  
  32  3:56  Banshee  
  35  4:05  Supply Depot  
  35  4:10  Marine  
  38  4:28  Marine  
  38  4:30  Widow Mine  
  39  4:39  Viking  
  41  4:51  Starport Tech Lab  
  40  4:59  Widow Mine  
  40  5:09  Marine, Banshee  
  44  5:20  Supply Depot  
  44  5:24  Banshee  
  44  5:27  Marine  
  48  5:42  Supply Depot  
  48  5:43  Command Center  
  48  5:44  Marine  
  49  5:52  Banshee  
  52  6:02  Marine  
  53  6:07  Banshee  
  56  6:16  Supply Depot  
  56  6:20  Marine  
  57  6:35  Banshee  
  57  7:20  Banshee x2  
  60  7:43  Siege Tank  
  63  7:49  Orbital Command  
  63  8:00  Bunker  
  63  8:07  Engineering Bay  
  63  8:15  Siege Tank  
  57  8:51  Viking x2  
  61  9:13  Marine  
  62  9:27  Missile Turret  
  62  9:28  Missile Turret  
  62  9:31  Marine  
  62  9:35  Viking  
  62  9:36  Viking  
  62  9:37  Missile Turret  
  67  9:49  Marine  
  70  9:54  Widow Mine  
  70  10:04  Missile Turret  
  70  10:05  Viking, Orbital Command  
  70  10:06  Viking  
  74  10:07  Marine  
  74  10:12  Missile Turret  
  75  10:15  Missile Turret  
  77  10:23  Widow Mine  
  77  10:25  Marine  
  78  10:42  Marine  
  78  10:44  Refinery  
  78  10:45  Refinery  
  81  10:51  Widow Mine  
  81  11:00  Marine, Missile Turret  
  82  11:09  Supply Depot  
  82  11:13  Viking x2  
  82  11:18  Marine  
  88  11:20  Widow Mine  
  89  11:31  Missile Turret  
  89  11:32  Armory  
  89  11:36  Marine  
  90  11:43  Viking x2  
  94  11:54  Marine  
  95  12:11  Marine  
  87  12:47  Viking x2  
  87  12:51  Terran Vehicle Weapons Level 1  
  91  12:56  Supply Depot  
  91  13:17  Viking x2  
  95  13:23  Barracks Reactor  
  95  13:36  Supply Depot  
  95  13:47  Viking x2  
  101  13:49  Widow Mine  
  101  13:51  Terran Infantry Weapons Level 1  
  101  13:59  Barracks  
  103  14:17  Viking x2  
  103  14:18  Widow Mine  
  103  14:45  Terran Vehicle And Ship Armor Level 1  
  101  14:46  Widow Mine  
  101  14:47  Viking x2  
  65  15:35  Siege Tank  
  66  15:44  Barracks Tech Lab  
  66  15:45  Terran Infantry Armor Level 1  
  66  15:50  Missile Turret  
  66  16:07  Marine, Siege Tank  
  66  16:10  Marine  
  66  16:11  Marine  
  72  16:21  Refinery  
  72  16:25  Marine  
  73  16:28  Marine x2  
  75  16:39  Siege Tank  
  78  16:43  Marine  
  78  16:44  Missile Turret  
  78  16:46  Marine x2  
  81  17:01  Marine  
  82  17:04  Marine x2  
  73  17:18  Marine  
Show
View Real Time Build Order
Export as new Build Order

zidar Zerg - Winner!

Build Orders: Hatch First 

Get SALT Encoding   

  12  0:01  Drone  
  13  0:12  Overlord  
  13  0:17  Drone  
  14  0:30  Drone x2  
  14  0:34  Drone  
  17  0:57  Hatchery, Drone  
  17  1:06  Drone  
  18  1:15  Spawning Pool  
  17  1:20  Extractor, Drone  
  17  1:23  Drone  
  18  1:31  Overlord  
  18  1:44  Drone  
  19  1:52  Drone  
  20  2:02  Queen  
  22  2:20  Queen  
  23  2:26  Drone x2  
  23  2:27  Drone  
  26  2:36  Drone x2  
  28  2:38  Queen  
  30  2:46  Roach Warren  
  30  2:50  Extractor  
  28  2:51  Drone x2  
  28  2:55  Extractor  
  28  2:57  Extractor  
  28  3:06  Metabolic Boost  
  28  3:17  Drone x6  
  34  3:22  Overlord  
  34  3:47  Queen  
  36  3:49  Overlord  
  36  3:50  Overlord  
  36  4:09  Hatchery  
  35  4:13  Drone x3  
  35  4:15  Drone  
  39  4:20  Roach  
  39  4:21  Roach  
  37  5:13  Drone x7  
  44  5:20  Lair  
  44  5:30  Drone  
  44  5:31  Drone x5  
  44  5:33  Overlord  
  44  5:34  Overlord x3  
  50  5:46  Spore Crawler  
  49  5:52  Spore Crawler  
  48  6:09  Spore Crawler  
  47  6:12  Spore Crawler  
  46  6:28  Roach x8  
  46  6:31  Hatchery  
  61  6:42  Spire  
  54  7:26  Roach x3  
  54  7:28  Overlord  
  54  7:29  Overlord x3  
  60  7:55  Mutalisk  
  60  7:56  Mutalisk x9  
  80  8:08  Drone  
  82  8:12  Drone  
  82  8:13  Drone x2  
  74  8:34  Queen  
  74  8:44  Overseer  
  71  9:29  Roach  
  71  9:30  Roach x12  
  97  9:37  Pneumatized Carapace  
  97  9:40  Drone  
  98  9:54  Overlord x2  
  98  9:55  Overlord x2  
  98  9:56  Overlord  
  98  9:58  Zerg Flyer Weapons Level 1  
  98  10:06  Evolution Chamber  
  97  10:07  Evolution Chamber  
  97  10:12  Drone  
  97  10:13  Drone  
  98  10:32  Drone  
  98  10:33  Drone x5  
  104  10:41  Queen  
  106  10:51  Zerg Ground Armor Level 1  
  106  10:56  Drone  
  107  10:57  Drone  
  108  11:13  Ravager  
  108  11:14  Ravager x13  
  122  11:19  Roach  
  122  11:20  Roach  
  122  11:24  Zerg Melee Weapons Level 1  
  126  11:36  Drone x6  
  132  12:02  Zerg Flyer Weapons Level 2, Infestation Pit  
  131  12:11  Roach  
  131  12:12  Roach x2  
  131  12:14  Overlord x2  
  131  12:15  Overlord x2  
  137  12:25  Glial Reconstitution  
  128  12:48  Drone x7  
  128  12:49  Queen  
  137  13:28  Hatchery, Zerg Ground Armor Level 2  
  137  13:31  Zerg Melee Weapons Level 2  
  136  13:37  Mutalisk  
  136  13:38  Mutalisk x6  
  150  13:47  Extractor  
  149  13:50  Drone x4  
  149  13:51  Extractor  
  149  13:52  Drone  
  149  13:53  Drone  
  154  13:57  Overlord  
  55  15:29  Ravager x2  
  55  15:33  Zergling x30  
  55  15:34  Zergling x42  
  82  15:59  Roach  
  82  16:00  Roach x5  
  94  16:22  Drone x3  
  97  16:28  Roach  
  97  16:29  Roach x7  
  98  16:52  Roach x6  
Tags
 
Add a new tag
Caveats
  • Supply blocks, unpowered buildings, or Contaminate may cause inaccurate times.
  • Supply counts are checked every 10 seconds.